[Event "26th OIBM 2023"]
[Site "Gmund am Tegernsee"]
[Date "2023.11.02"]
[Round "6.43"]
[White "Schnicke, Robert"]
[Black "Womacka, Mathias"]
[Result "0-1"]
[ECO "E46"]
[WhiteElo "2033"]
[BlackElo "2371"]
[Annotator "ChessBase"]
[PlyCount "106"]
[EventDate "2023.10.04"]
[EventType "swiss"]
[EventCountry "GER"]
[SourceTitle "playchess.com"]
[Source "ChessBase"]
[SourceQuality "1"]
[TimeControl "40/5400+30:1800+30"]

1. d4 Nf6 2. c4 e6 3. Nc3 Bb4 4. e3 O-O 5. Nge2 d5 6. a3 Be7 7. Ng3 c5 8. dxc5 Bxc5 9. Be2 dxc4 10. Qxd8 Rxd8 11. Bxc4 Nc6 12. O-O Bd7 13. Bd2 Ne5 14. Be2 Bc6 15. Rfd1 Nd3 16. b4 Be7 17. Rab1 b6 18. f3 Rd7 19. Kf1 Rad8 20. Bxd3 Rxd3 21. Ke2 h5 22. Nh1 h4 23. Nf2 R3d7 24. e4 Nh5 25. Ng4 Bb7 26. Be3 f5 27. Rxd7 Rxd7 28. exf5 exf5 29. Ne5 Rc7 30. Rc1 Bf6 31. f4 Re7 32. Kf2 Nxf4 33. Bxf4 Bxe5 34. Bxe5 Rxe5 35. g3 hxg3+ 36. hxg3 Re7 37. Nb5 Bd5 38. Rc7 Rxc7 39. Nxc7 Bc4 40. Ne8 Kf8 41. Nd6 Be6 42. Ke3 Ke7 43. Nb5 Bd7 44. Nc3 Kf6 45. Kd4 Kg5 46. Ke5 Kg4 47. Kd6 Be8 48. Ke5 g6 49. a4 Kxg3 50. b5 Bf7 51. Kf6 Bb3 52. Ne2+ Kg4 53. Kxg6 f4 0-1

[Event "26th OIBM 2023"]
[Site "Gmund am Tegernsee"]
[Date "2023.11.02"]
[Round "6.44"]
[White "Czap, Bernard"]
[Black "Lammers, Markus"]
[Result "1-0"]
[ECO "A13"]
[WhiteElo "2028"]
[BlackElo "2336"]
[Annotator "ChessBase"]
[PlyCount "67"]
[EventDate "2023.10.04"]
[EventType "swiss"]
[EventCountry "GER"]
[SourceTitle "playchess.com"]
[Source "ChessBase"]
[SourceQuality "1"]
[TimeControl "40/5400+30:1800+30"]

1. Nf3 Nf6 2. c4 e6 3. g3 d5 4. Bg2 d4 5. O-O Nc6 6. e3 Bc5 7. exd4 Nxd4 8. Nxd4 Qxd4 9. d3 O-O 10. Nc3 Rd8 11. Be3 Qe5 12. Bf4 Qf5 13. Bxc7 Rd7 14. Bf4 e5 15. Be3 Bxe3 16. fxe3 Qxd3 17. Qxd3 Rxd3 18. Rad1 Rxd1 19. Rxd1 Be6 20. Bxb7 Rb8 21. c5 Kf8 22. c6 Ke7 23. b4 a6 24. a3 Bc8 25. Nd5+ Nxd5 26. Rxd5 Bxb7 27. Rd7+ Ke6 28. Rxb7 Ra8 29. a4 e4 30. g4 Kd5 31. b5 axb5 32. axb5 Kc4 33. c7 Kd5 34. Rb8 1-0

[Event "26th OIBM 2023"]
[Site "Gmund am Tegernsee"]
[Date "2023.11.03"]
[Round "7.1"]
[White "Vogel, Roven"]
[Black "Gopal G.N."]
[Result "1/2-1/2"]
[ECO "D12"]
[WhiteElo "2471"]
[BlackElo "2573"]
[Annotator "TA"]
[PlyCount "162"]
[EventDate "2023.10.04"]
[EventType "swiss"]
[EventCountry "GER"]
[SourceTitle "playchess.com"]
[Source "ChessBase"]
[SourceQuality "1"]
[TimeControl "40/5400+30:1800+30"]

1. Nf3 d5 2. e3 Nf6 3. c4 c6 4. d4 Bf5 5. Nc3 e6 6. Be2 h6 7. O-O {[%emt 0:00:17] 7.Bd3 is the modern continuation.} Nbd7 8. Bd3 {[%emt 0:00:37] D12: Slav Defence: 3 Nf3 Nf6 4 e3 Bf5.} Bxd3 9. Qxd3 Bb4 10. Bd2 Ba5 11. b4 Bc7 12. b5 {[%emt 0:08:47] [#]} O-O $146 ({Predecessor:} 12... Nb6 13. bxc6 dxc4 14. Qc2 bxc6 15. Na4 O-O 16. Rac1 Qd5 17. Bb4 Rfb8 18. Nb2 a5 {0-1 Deac,B (2700)-Firouzja,A (2785) Bucharest Superbet Classic 3rd 2023 (4)}) 13. bxc6 bxc6 14. cxd5 cxd5 15. Nb5 Ba5 16. Qa3 Bxd2 17. Nxd2 a6 18. Nc3 Qb6 19. Rab1 Qa7 20. Na4 Rfc8 21. Rfc1 Rc7 22. Nb3 Rac8 23. Rxc7 Rxc7 24. Nbc5 Nxc5 25. Nxc5 Nd7 26. Nd3 (26. Nxa6 $2 {perishes.} Rc6 27. Qe7 Rxa6 $19) 26... Qa8 27. h3 Qc8 28. Rb3 Kh7 29. Qd6 Rc2 30. Qf4 Nf6 (30... Rc7 $11) 31. Nc5 $1 $16 Nd7 {[%emt 0:07:06] Prevents Rb8} 32. Qxf7 Nxc5 33. dxc5 Rxc5 {[%emt 0:00:15][%mdl 4096] Endgame KQR-KQR} 34. Rb7 Qg8 35. Qe7 {[%emt 0:05:13] White has more active pieces.} Rc1+ 36. Kh2 Rc2 {[%emt 0:00:10] [#]} 37. f4 Rxa2 {[%emt 0:02:10] [#]} 38. Rd7 (38. Qd7 $1 $16 Re2 39. Qc7) 38... Rb2 $1 $11 39. Rd6 {[%emt 0:00:34][%mdl 1024] White has compensation.} Qc8 40. Rd7 Qg8 41. Rd8 Rb7 $1 {[%emt 0:00:45][%mdl 64] Deflection} 42. Qd6 $36 {[%emt 0:00:12][%mdl 2048] White has good play.} Qf7 43. Qxa6 Rd7 44. Rc8 d4 (44... Qf5 $11) 45. Qa8 $1 $14 g6 46. Rf8 (46. Rh8+ {keeps more tension.} Kg7 47. Qb8 Rd5 48. exd4 Rb5 49. Rg8+) 46... Qg7 47. exd4 $1 Qxd4 48. Qe8 {[%emt 0:00:41] Inhibits Re7.} Qg7 {[%emt 0:01:07] [#]} 49. Rh8+ $1 {[%emt 0:01:38][%mdl 64] Deflection} Qxh8 50. Qxd7+ {[%emt 0:00:06] KQ-KQ} Qg7 51. Qxe6 Qc7 52. Kg3 Qc2 53. Qf7+ Kh8 54. Qd5 Kg7 55. Kh4 ({White should play} 55. Kf3 $14) 55... Qf2+ $1 $11 56. g3 Qc2 57. Qd4+ Kg8 58. Qe5 Qd3 59. Qe6+ Kg7 {[%emt 0:00:10] ( -> ...Qd8+)} 60. Qe7+ Kg8 61. Qf6 Qc2 62. Qe6+ Kg7 63. Qe7+ Kg8 64. Qe3 Kg7 (64... Kf7 $11 {was preferrable.}) 65. g4 $1 $14 Kf7 66. Kg3 Kg8 67. h4 Qd1 68. f5 (68. g5 $14 hxg5 69. hxg5 (69. fxg5 Qd6+ 70. Kf3 Qd7 $16)) 68... Qd6+ $11 {[%emt 0:00:17] The position is equal.} 69. Kh3 gxf5 70. gxf5 {[%emt 0:00:01] White wants to mate with Qg3+.} Kf7 71. Qf3 Kf6 72. Kg4 Qc5 73. Qe4 {[%emt 0:03:43] aiming for Qe6+.} h5+ {[%emt 0:00:09][%mdl 64] Deflection} 74. Kxh5 {[%emt 0:00:23] White threatens Qe6+ and mate.} Qxf5+ 75. Qxf5+ Kxf5 {[%emt 0:00:02] KP-K} 76. Kh6 Kf6 77. h5 $1 Kf7 78. Kh7 Kf8 79. h6 (79. Kg6 $5) 79... Kf7 80. Kh8 Kg6 81. h7 Kf7 {[%emt 0:04:52] Weighted Error Value: White=0.05 (flawless) /Black=0.07 (flawless)} 1/2-1/2

[Event "26th OIBM 2023"]
[Site "Gmund am Tegernsee"]
[Date "2023.11.03"]
[Round "7.2"]
[White "Kulaots, Kaido"]
[Black "Golubka, Petro"]
[Result "0-1"]
[ECO "B67"]
[WhiteElo "2508"]
[BlackElo "2434"]
[Annotator "RC"]
[PlyCount "84"]
[EventDate "2023.10.04"]
[EventType "swiss"]
[EventCountry "GER"]
[SourceTitle "playchess.com"]
[Source "ChessBase"]
[SourceQuality "1"]
[TimeControl "40/5400+30:1800+30"]

1. e4 c5 2. Nf3 d6 3. d4 cxd4 4. Nxd4 Nf6 5. Nc3 Nc6 6. Bg5 e6 7. Qd2 a6 8. O-O-O Bd7 9. f3 Be7 10. Kb1 b5 11. Nxc6 Bxc6 12. h4 h6 13. Be3 Qc7 14. Bd3 d5 15. e5 Qxe5 16. Bf4 Qd4 17. Bxb5 Qb6 18. Bxc6+ Qxc6 19. Ne2 O-O 20. g4 Nd7 21. g5 h5 22. g6 Rac8 23. Nd4 Qb6 24. Bg5 Bc5 25. gxf7+ Rxf7 26. f4 Nf6 27. Bxf6 Rxf6 28. Ne2 a5 29. Ng3 g6 30. Ne2 Be3 31. Qd3 Rc4 32. Rhf1 Kf7 33. Rf3 Bxf4 34. c3 Re4 35. Rdf1 Re3 36. Rxe3 Bxe3 37. Rd1 Rf2 38. Rg1 Rf5 39. Rg2 a4 40. Kc2 Bf2 41. Nf4 Rxf4 42. Qxg6+ Ke7 0-1

[Event "26th OIBM 2023"]
[Site "Gmund am Tegernsee"]
[Date "2023.11.03"]
[Round "7.3"]
[White "Schachinger, Mario"]
[Black "Mastrovasilis, Dimitrios"]
[Result "1/2-1/2"]
[ECO "E08"]
[WhiteElo "2385"]
[BlackElo "2573"]
[Annotator "TA"]
[PlyCount "42"]
[EventDate "2023.10.04"]
[EventType "swiss"]
[EventCountry "GER"]
[SourceTitle "playchess.com"]
[Source "ChessBase"]
[SourceQuality "1"]
[TimeControl "40/5400+30:1800+30"]

1. d4 {[%emt 0:00:04] ChessBase II} d5 2. c4 e6 3. Nf3 Nf6 4. g3 Be7 5. Bg2 O-O 6. O-O c6 7. Qc2 Nbd7 8. Rd1 b6 9. Nc3 Bb7 10. b3 a5 {[%emt 0:25:47][%cal Ba7a5,Ba5a4][%mdl 32] E08: Closed Catalan: Main Line: 7 Qc2.} 11. Bb2 Qb8 12. e4 Nxe4 {[%emt 0:04:43] White has an edge.} 13. Nxe4 dxe4 14. Qxe4 a4 15. Ne1 {[%emt 0:13:50] [#]} Ra7 $146 ({Predecessor:} 15... Nf6 16. Qe2 Qc7 17. Nc2 axb3 18. axb3 Rfe8 19. Ne3 h6 20. Qf3 Rxa1 21. Rxa1 Ra8 {1-0 Chernin,A (2375)-Fries Nielsen,J (2200) World U20-ch18 1979 (3)}) 16. Qe2 Re8 17. Nd3 c5 {[%emt 0:06:13] The position is equal.} 18. Rab1 axb3 19. axb3 ({Wrong is} 19. Bxb7 $2 bxa2 20. Ra1 Qxb7 $19) 19... Bxg2 20. Kxg2 Bf8 21. Ne5 Nxe5 {[%emt 0:06:18] Weighted Error Value: White=0.04 (flawless) /Black=0.01 (flawless)} 1/2-1/2

[Event "26th OIBM 2023"]
[Site "Gmund am Tegernsee"]
[Date "2023.11.03"]
[Round "7.4"]
[White "Colpe, Malte"]
[Black "Stocek, Jiri"]
[Result "0-1"]
[ECO "E41"]
[WhiteElo "2386"]
[BlackElo "2535"]
[Annotator "RC"]
[PlyCount "108"]
[EventDate "2023.10.04"]
[EventType "swiss"]
[EventCountry "GER"]
[SourceTitle "playchess.com"]
[Source "ChessBase"]
[SourceQuality "1"]
[TimeControl "40/5400+30:1800+30"]

1. d4 Nf6 2. c4 e6 3. Nc3 Bb4 4. e3 O-O 5. Bd3 c5 6. Nge2 d6 7. O-O Nc6 8. Bc2 Qe7 9. a3 Ba5 10. Qd3 a6 11. Ng3 g6 12. Rd1 Rb8 13. Ba4 Bd7 14. Bxc6 Bxc6 15. d5 exd5 16. cxd5 Bd7 17. h3 Rfe8 18. b4 cxb4 19. axb4 Bxb4 20. Bb2 Rbc8 21. Na4 Ba5 22. Qd4 Bxa4 23. Rxa4 Bd8 24. Qf4 Rc2 25. Ba1 Rc5 26. Bxf6 Qxf6 27. Qxf6 Bxf6 28. Ne4 Rxe4 29. Rxe4 a5 30. Re8+ Kg7 31. Ra8 Bc3 32. Rc1 b5 33. Rxc3 Rxc3 34. Rxa5 Rc1+ 35. Kh2 Rc5 36. e4 b4 37. Ra2 Kf6 38. Rb2 Rc4 39. f3 Ke5 40. Kg3 Kd4 41. Rb3 Kc5 42. Kf4 f5 43. g4 fxe4 44. fxe4 Rc3 45. Rb1 Rxh3 46. e5 dxe5+ 47. Kxe5 Re3+ 48. Kf6 Re4 49. Rd1 Kd6 50. g5 b3 51. Kg7 Re7+ 52. Kh6 b2 53. Ra1 Rb7 54. Ra7 Rb6 0-1

[Event "26th OIBM 2023"]
[Site "Gmund am Tegernsee"]
[Date "2023.11.03"]
[Round "7.5"]
[White "Morawietz, Dieter"]
[Black "Vetoshko, Volodymyr"]
[Result "1/2-1/2"]
[ECO "C84"]
[WhiteElo "2378"]
[BlackElo "2499"]
[Annotator "RC"]
[PlyCount "52"]
[EventDate "2023.10.04"]
[EventType "swiss"]
[EventCountry "GER"]
[SourceTitle "playchess.com"]
[Source "ChessBase"]
[SourceQuality "1"]
[TimeControl "40/5400+30:1800+30"]

1. e4 e5 2. Nf3 Nc6 3. Bb5 a6 4. Ba4 Nf6 5. O-O b5 6. Bb3 Bb7 7. d3 Be7 8. Nc3 d6 9. a3 O-O 10. Bd2 Qd7 11. Re1 Bd8 12. Nd5 Nxd5 13. Nd4 Nf6 14. Nf3 Nd5 15. Bxd5 Bf6 16. c3 Qc8 17. h4 Nd8 18. Bxb7 Qxb7 19. d4 Ne6 20. d5 Nc5 21. Qe2 c6 22. dxc6 Qxc6 23. Rad1 Na4 24. Bg5 Bxg5 25. hxg5 Rad8 26. Rd3 Nc5 1/2-1/2

[Event "26th OIBM 2023"]
[Site "Gmund am Tegernsee"]
[Date "2023.11.03"]
[Round "7.6"]
[White "Besou, Hussain"]
[Black "Schneider, Ilja"]
[Result "0-1"]
[ECO "A61"]
[WhiteElo "2351"]
[BlackElo "2468"]
[Annotator "RC"]
[PlyCount "70"]
[EventDate "2023.10.04"]
[EventType "swiss"]
[EventCountry "GER"]
[SourceTitle "playchess.com"]
[Source "ChessBase"]
[SourceQuality "1"]
[TimeControl "40/5400+30:1800+30"]

1. d4 Nf6 2. c4 e6 3. Nc3 c5 4. d5 exd5 5. cxd5 d6 6. Nf3 g6 7. Bf4 Bg7 8. Qa4+ Bd7 9. Qb3 O-O 10. Bxd6 Ba4 11. Qxa4 Qxd6 12. Rd1 Nbd7 13. g3 Nb6 14. Qc2 Nfxd5 15. Bg2 Qc6 16. Nh4 Nb4 17. Qb3 Qe6 18. O-O Qxb3 19. axb3 c4 20. bxc4 Nxc4 21. Rd7 Nxb2 22. Nd5 Nxd5 23. Bxd5 Na4 24. Rxb7 Nc3 25. Bc4 a5 26. Nf3 a4 27. Nd2 a3 28. Nb3 Rac8 29. Bd3 Rb8 30. Rxb8 Rxb8 31. Na1 a2 32. Kg2 Nb1 33. Nc2 Nd2 34. Rd1 Rb1 35. Rxd2 Bc3 0-1

[Event "26th OIBM 2023"]
[Site "Gmund am Tegernsee"]
[Date "2023.11.03"]
[Round "7.7"]
[White "Schmider, Niklas"]
[Black "Hess, Max"]
[Result "1-0"]
[ECO "B12"]
[WhiteElo "2395"]
[BlackElo "2378"]
[Annotator "RC"]
[PlyCount "79"]
[EventDate "2023.10.04"]
[EventType "swiss"]
[EventCountry "GER"]
[SourceTitle "playchess.com"]
[Source "ChessBase"]
[SourceQuality "1"]
[TimeControl "40/5400+30:1800+30"]

1. e4 c6 2. d4 d5 3. e5 Bf5 4. Nf3 e6 5. Be2 Ne7 6. O-O h6 7. Nbd2 Bh7 8. Nb3 Ng6 9. Be3 Be7 10. Ne1 c5 11. Nxc5 Bxc5 12. dxc5 Nxe5 13. Bd4 Nbc6 14. f4 Nd7 15. Bxg7 Rg8 16. Bxh6 Nxc5 17. Bg5 Qb6 18. Kh1 Qxb2 19. Nd3 Bxd3 20. Bxd3 Qg7 21. Qf3 f6 22. Bh4 Nxd3 23. cxd3 Nd4 24. Qh3 Rh8 25. Qe3 Rxh4 26. Qxd4 Qg3 27. Qg1 Qxd3 28. Rf3 Qf5 29. Qf2 Rh7 30. g4 Qg6 31. f5 Qg5 32. fxe6 O-O-O 33. Re1 Qxg4 34. Rxf6 Kb8 35. e7 Re8 36. Rf8 Qd7 37. Qf4+ Ka8 38. Rxe8+ Qxe8 39. Qf8 Rh8 40. Qxh8 1-0

[Event "26th OIBM 2023"]
[Site "Gmund am Tegernsee"]
[Date "2023.11.03"]
[Round "7.8"]
[White "Petrov, Nikita"]
[Black "Cherniaiev, Tykhon"]
[Result "1-0"]
[ECO "D02"]
[WhiteElo "2551"]
[BlackElo "2278"]
[Annotator "TA"]
[PlyCount "137"]
[EventDate "2023.10.04"]
[EventType "swiss"]
[EventCountry "GER"]
[SourceTitle "playchess.com"]
[Source "ChessBase"]
[SourceQuality "1"]
[TimeControl "40/5400+30:1800+30"]

1. d4 d5 2. Nf3 Nf6 3. Bf4 c5 4. e3 Nc6 5. Nbd2 e6 6. c3 Bd6 7. Bg3 O-O 8. Bd3 Qe7 9. Ne5 Nd7 10. Nxd7 {[%emt 0:02:34] D02: 1 d4 d5 2 Nf3 sidelines, including 2...Nf6 3 g3 and 2...Nf6 3 Bf4.} Qxd7 11. O-O Qe7 (11... Bxg3 {with more complications.} 12. hxg3 Qe7 13. Qh5 f5) 12. Bxd6 {[%emt 0:03:39] The position is equal.} (12. Qf3 {is more complex.} b6 13. Bxd6 Qxd6 14. Qh5) 12... Qxd6 13. f4 f5 {[%emt 0:04:35] [#]} 14. g4 $146 ({Predecessor:} 14. Qf3 c4 15. Bc2 b5 16. a3 a5 17. Rf2 Bd7 18. Qh3 b4 19. Nf3 bxc3 20. bxc3 Qe7 21. Kh1 {½-½ Nirnay,G (1784)-Raj,K (1540) IND-ch U15 47th 2022 (8)}) 14... cxd4 (14... Rb8 {simplifies} 15. g5 b5 16. Be2 b4) 15. exd4 fxg4 16. Qxg4 {[%emt 0:00:42] Qh5 is the strong threat.} e5 {[%emt 0:03:19][%mdl 64] Discovered Attack} 17. fxe5 Bxg4 18. exd6 Rxf1+ 19. Nxf1 Rd8 20. Ne3 Be6 21. Bf5 Bf7 22. d7 Nb8 23. Ng4 {[%emt 0:03:12] Threatens to win with Ne5.} g6 24. Nh6+ Kg7 25. Nxf7 Kxf7 $11 {[%emt 0:00:08][%mdl 4096] Endgame KRB-KRN} 26. Bh3 {[%emt 0:00:43] Hoping for Rf1+.} Nxd7 27. Re1 {[%emt 0:00:57] With the idea Be6+.} Nf6 28. Re5 Rd6 29. Bg2 h6 30. h4 Kf8 31. Bf3 Rd7 32. Kf2 Kf7 33. Ke3 b5 34. Kd3 Rd6 {[%emt 0:00:27] [#]} (34... Kf8 $14) 35. Kc2 $1 $16 a5 36. Kb3 Kf8 37. a4 bxa4+ 38. Kxa4 Rb6 39. Re2 (39. Kxa5 $6 Rxb2 40. Bxd5 Rc2 $14) 39... Ra6 40. Re5 Rb6 41. b3 (41. Kxa5 Rxb2 42. Bxd5 Rc2 $14) (41. b4 $142 axb4 42. cxb4) 41... Rb8 42. Ka3 {[%emt 0:04:51] White is more active.} (42. Bxd5 $6 Nd7 $11) (42. Bg2 $16) 42... Rc8 $1 $11 43. Re3 g5 44. hxg5 hxg5 45. Ka4 g4 46. Bd1 Ra8 47. c4 dxc4 48. bxc4 Rd8 49. Rd3 Ne4 $2 {[%emt 0:02:00] This costs Black the game.} (49... Ke8 $11) 50. Bxg4 $18 (50. Kxa5 g3 51. Bf3 Nc5 $11) 50... Nc5+ $2 (50... Nd6 $18 51. Be6 (51. Kxa5 Nxc4+ 52. Ka6 Ne5 $11) 51... Ke7) 51. dxc5 {[%emt 0:00:04][%mdl 64] Discovered Attack. ?ev?.} Rxd3 {[%emt 0:00:07] [#] KR-KB} 52. c6 $1 ({And not} 52. Kxa5 Ke7 $11) 52... Rd4 {[%emt 0:00:17] [#]} 53. Kb5 $1 Rxg4 {[%emt 0:00:23] KR-KPP} (53... Ke7 54. c7) 54. c7 Rg5+ 55. c5 a4 56. c8=Q+ {[%emt 0:00:06] KQ-KR} ({Not} 56. c8=R+ Ke7 $16) 56... Kg7 57. Qb7+ Kh8 58. Qa8+ Kg7 59. Qxa4 Rg6 60. c6 Rg5+ 61. Kb6 Rg6 62. Kb7 Rf6 63. Qd4 Kg6 64. c7 Rf7 65. Kb8 Kh7 66. c8=Q Rf6 67. Qcd7+ Kg8 68. Q4g4+ Kh8 69. Qgg7# {[%emt 0:00:04] Weighted Error Value: White=0.10 (very precise) /Black=0.23 (precise)} 1-0

[Event "26th OIBM 2023"]
[Site "Gmund am Tegernsee"]
[Date "2023.11.03"]
[Round "7.9"]
[White "Lavrencic, Matic"]
[Black "Lagarde, Maxime"]
[Result "0-1"]
[ECO "B40"]
[WhiteElo "2319"]
[BlackElo "2626"]
[Annotator "TA"]
[PlyCount "54"]
[EventDate "2023.10.04"]
[EventType "swiss"]
[EventCountry "GER"]
[SourceTitle "playchess.com"]
[Source "ChessBase"]
[SourceQuality "1"]
[TimeControl "40/5400+30:1800+30"]

1. e4 c5 2. Nf3 e6 3. d4 cxd4 4. Nxd4 Nf6 5. Bd3 Nc6 6. Nxc6 bxc6 7. Bf4 {[%emt 0:00:10] B40: Sicilian: 2...e6, Unusual lines.} (7. O-O $5 ) 7... d5 8. Nd2 g6 9. c3 {[%emt 0:00:52] [#] The position is equal.} Nh5 $146 ({Predecessor:} 9... Bg7 10. O-O O-O 11. Re1 Nh5 12. Be3 e5 13. Bc5 Re8 14. g3 Nf6 15. Bf1 a5 {0-1 Sanal,V (2561)-Indjic,A (2629) SRB-chT Premier 2021 (9.1)}) 10. Be3 Bd6 11. O-O O-O (11... Qh4 $2 12. e5 Bc7 13. Nf3 $18) 12. b4 (12. Re1 $11) 12... e5 (12... Qh4 13. g3 Qd8 14. Qb3 $14) 13. Be2 Ng7 14. exd5 cxd5 15. Nb3 Bc7 16. Bc5 Re8 17. Bb5 Re6 {[%emt 0:05:06] Repels Bc6} 18. Qd2 Bb7 19. Be3 $2 {[%emt 0:01:15][%mdl 8192] [#]} (19. Rfe1 $11 {and White has nothing to worry.}) 19... d4 $1 $19 20. Bc4 (20. Nc5 Qd5) 20... dxe3 21. Qxd8+ Rxd8 (21... Bxd8 $2 {is the wrong capture.} 22. Nc5 Bc8 23. Nxe6 exf2+ 24. Rxf2 Nxe6 25. Re1 $19) 22. Bxe6 (22. Nc5 $142 Rb6 23. fxe3) 22... exf2+ ({And not} 22... fxe6 23. fxe3 Bb6 24. Nc5 $17) 23. Rxf2 Nxe6 (23... fxe6 $2 {too greedy.} 24. c4 $19) 24. Rd2 Bb6+ {[%emt 0:00:20] Black is clearly winning.} 25. Kf1 Ba6+ 26. Ke1 Rc8 27. Rc2 Bd3 {[%emt 0:01:04] Weighted Error Value: White=0.41/Black=0.04 (flawless)} 0-1

[Event "26th OIBM 2023"]
[Site "Gmund am Tegernsee"]
[Date "2023.11.03"]
[Round "7.10"]
[White "Bauer, Christian"]
[Black "Unuk, Laura"]
[Result "1/2-1/2"]
[ECO "D31"]
[WhiteElo "2552"]
[BlackElo "2313"]
[Annotator "TA"]
[PlyCount "83"]
[EventDate "2023.10.04"]
[EventType "swiss"]
[EventCountry "GER"]
[SourceTitle "playchess.com"]
[Source "ChessBase"]
[SourceQuality "1"]
[TimeControl "40/5400+30:1800+30"]

1. c4 e6 2. Nc3 d5 3. d4 a6 4. c5 b6 5. cxb6 cxb6 6. Bf4 {[%emt 0:00:19] D31: Queen's Gambit Declined: Semi-Slav without ...Nf6 (+ Marshall Gambit and Noteboom) and Exchange Variation lines without ...Nf6.} Bd6 7. e3 Nf6 8. Bd3 {[%emt 0:01:54] The position is equal.} Bb7 9. Nf3 Nc6 {[%emt 0:02:23] [#]} 10. Rc1 $146 ({Predecessor:} 10. O-O Bxf4 11. exf4 O-O 12. Re1 Qd6 13. g3 g6 14. Rc1 Rac8 15. Bb1 Rc7 16. Na4 {0-1 Le,Q (2728)-Nguyen,N (2645) ChessKid Cup Div 2 W rapid 2023 (2.2)}) 10... Qb8 11. Bg5 (11. Na4 $5 ) 11... Nd7 12. O-O h6 13. Bh4 O-O 14. a3 f5 15. Bg3 Bxg3 16. hxg3 Qd6 17. Na4 Na5 {[%emt 0:01:31] [#]} 18. g4 fxg4 $11 {[%emt 0:07:21] [#]} 19. Ne5 {[%emt 0:00:15][%mdl 64] Deflection} Nxe5 20. dxe5 Qxe5 21. Nxb6 Rad8 {[%emt 0:01:10] Strongly threatening ...g3.} 22. Qxg4 Qd6 {[%emt 0:03:41] [#] Repels b4} (22... Nb3 $11) 23. Na4 $1 $36 {[%emt 0:01:49][%mdl 2048] White has strong initiative.} e5 24. Nc5 {[%emt 0:02:03] Black must now prevent Ne6.} Bc8 {[%emt 0:00:22][%cal Bb7c8,Bc8g4,Bg4f3][%mdl 32] Prevents Ne6} 25. Qa4 {[%emt 0:03:55] White is much more active.} e4 26. Qxa5 exd3 27. Nxd3 Bg4 28. Qd2 {[%emt 0:03:58] Prevents Be2.} d4 {[%emt 0:02:08] Threatens to win with ...dxe3.} 29. Ne1 ({White should try} 29. Rfe1 $16) 29... dxe3 $11 30. Qxe3 (30. Qxd6 {simplifies} exf2+ 31. Rxf2 Rxd6 32. Rc4) 30... Kh8 {[%emt 0:00:59] aiming for ...Rfe8.} 31. Nc2 Bf3 {[%emt 0:01:03] ...Rde8 is the strong threat.} 32. Ne1 (32. gxf3 {leads to mate.} Qg6+ 33. Kh2 Rd5) (32. Nd4 $1 $11 {remains equal.} Qxd4 33. Qxd4 Rxd4 34. gxf3) 32... Rde8 $17 {[%emt 0:00:37] Black is better.} 33. Qxe8 {[%emt 0:01:05][%mdl 64] Deflection} Rxe8 34. Nxf3 Re2 35. b4 Qb6 {[%emt 0:00:22][%mdl 1024] Black has strong compensation.} 36. Rc5 Ra2 37. Ra5 Kh7 38. Ne5 Qd6 {[%emt 0:00:34] Inhibits Nd7.} 39. Nf3 Qd3 40. a4 Qc4 41. b5 axb5 ({Stronger than} 41... Rxa4 42. Rxa4 Qxa4 43. bxa6 $17) 42. Rxb5 {[%emt 0:00:09] Weighted Error Value: White=0.13 (very precise) /Black=0.09 (flawless)} 1/2-1/2

[Event "26th OIBM 2023"]
[Site "Gmund am Tegernsee"]
[Date "2023.11.03"]
[Round "7.11"]
[White "Van Foreest, Lucas"]
[Black "Karsay, Pascal"]
[Result "1-0"]
[ECO "D02"]
[WhiteElo "2540"]
[BlackElo "2301"]
[Annotator "TA"]
[PlyCount "63"]
[EventDate "2023.10.04"]
[EventType "swiss"]
[EventCountry "GER"]
[SourceTitle "playchess.com"]
[Source "ChessBase"]
[SourceQuality "1"]
[TimeControl "40/5400+30:1800+30"]

1. d4 Nf6 2. Bf4 d5 3. e3 e6 4. Nf3 c5 5. Nbd2 Nc6 6. c3 Nh5 {[%emt 0:00:31] 6...Be7 is the recent fashion.} 7. Bg5 {[%emt 0:00:10] D02: 1 d4 d5 2 Nf3 sidelines, including 2...Nf6 3 g3 and 2...Nf6 3 Bf4.} f6 8. Bh4 g6 9. Be2 {[%emt 0:01:35][%cal Of3e5] White is slightly better.} cxd4 10. cxd4 Be7 11. O-O O-O 12. Rc1 Ng7 13. Bg3 Nf5 14. Nb3 {[%emt 0:00:04] [#]} h5 $146 ({Predecessor:} 14... Nxg3 15. hxg3 Bd6 16. Bd3 Ne7 17. Re1 b6 18. e4 dxe4 19. Bxe4 Rb8 20. Nbd2 Kg7 {½-½ Harikrishna,P (2711)-Vachier Lagrave,M (2739) World-chT Rapid 2023 (5.1)}) 15. Bd3 g5 16. Bxf5 exf5 17. h3 Qe8 18. h4 f4 19. exf4 gxf4 (19... g4 $14) 20. Bxf4 $16 Qg6 21. Re1 {[%emt 0:00:55][%cal Oc1c6,Bf1e1,Be1e3,Be3g3][%mdl 32] And now Rxc6! would win.} Rf7 22. Nh2 Bf5 (22... Rg7 $142 23. Qf3 Kh7) 23. Re3 Kh8 24. Rg3 Qh7 25. a3 {[%emt 0:01:27] Inhibits Nb4.} Nd8 26. Qd2 {[%emt 0:04:31] Black is weak on the dark squares} Bf8 27. Re1 $36 {[%emt 0:06:30][%mdl 2048] White is on the roll.} Ne6 {[%emt 0:02:32] [#] Against Nc5} 28. Nc5 $1 Nxf4 29. Qxf4 b6 30. Na4 {[%emt 0:02:49] White is much more active.} Rd8 (30... Be4 $142) 31. Nc3 Bd6 $2 {[%emt 0:00:49] [#]} (31... Bh6 $16 32. Qf3 Bd2) 32. Qxd6 $1 {[%emt 0:00:07] Weighted Error Value: White=0.08 (flawless) /Black=0.16 (very precise)} 1-0

[Event "26th OIBM 2023"]
[Site "Gmund am Tegernsee"]
[Date "2023.11.03"]
[Round "7.12"]
[White "Forchert, Martin"]
[Black "Ghazarian, Kirk"]
[Result "1/2-1/2"]
[ECO "B67"]
[WhiteElo "2317"]
[BlackElo "2473"]
[Annotator "RC"]
[PlyCount "51"]
[EventDate "2023.10.04"]
[EventType "swiss"]
[EventCountry "GER"]
[SourceTitle "playchess.com"]
[Source "ChessBase"]
[SourceQuality "1"]
[TimeControl "40/5400+30:1800+30"]

1. e4 c5 2. Nf3 d6 3. d4 cxd4 4. Nxd4 Nf6 5. Nc3 Nc6 6. Bg5 e6 7. Qd2 a6 8. O-O-O Bd7 9. f3 Nxd4 10. Qxd4 h6 11. Be3 Bc6 12. Bc4 b5 13. Bb3 Be7 14. g4 Nd7 15. h4 a5 16. g5 hxg5 17. hxg5 Rxh1 18. Rxh1 Bxg5 19. Qxd6 Bxe3+ 20. Kb1 Bh6 21. Qxc6 Rc8 22. Qxb5 Rb8 23. Qh5 Kf8 24. Rd1 Qc7 25. a4 Nf6 26. Qh4 1/2-1/2